 Dungeon Crawl Stone Soup version 0.31-a0-95-g6fa058ef04 (webtiles) character file.

Game seed: 10618123062826052405

59 edwardauron the Covered (level 3, -4/30 HPs)
             Began as a Demigod Fighter on May 25, 2023.
             Slain by Crazy Yiuf
             ... wielding a +3 quarterstaff of chaos
              (10 damage)
             ... on level 2 of the Dungeon.
             The game lasted 00:01:03 (1891 turns).

edwardauron the Covered (Demigod Fighter)           Turns: 1891, Time: 00:01:04

Health: -4/30      AC:  6    Str: 21    XL:     3   Next: 54%
Magic:  5/5        EV:  9    Int: 10    God:
Gold:   75         SH:  4    Dex: 13    Spells: 2/2 levels left

rFire   . . .        a - +0 flail
rCold   . . .        c - +0 buckler
rNeg    . . .        b - +0 scale mail
rPois   .            (no helmet)
rElec   .            (no cloak)
rCorr   .            (no gloves)
SInv    .            (no boots)
Will    .....        (no amulet) Stlth
                     (no ring)
HPRegen 0.25/turn    (no ring)
MPRegen 0.09/turn

%: no passive effects
@: mighty, lethally poisoned (-4 -> -18)
A: high MP 1, forlorn, divine attributes
a: no special abilities


You were on level 2 of the Dungeon.
You visited 1 branch of the dungeon, and saw 2 of its levels.

You collected 75 gold pieces.

Inventory:

Hand Weapons
 a - a +0 flail (weapon)
Armour
 b - a +0 scale mail (worn)
 c - a +0 buckler (worn)
Scrolls
 e - 2 scrolls of teleportation {unknown}
 f - 3 scrolls of identify {unknown}
 g - a scroll of enchant armour {unknown}
 i - a scroll of poison {unknown}
Potions
 h - a potion of enlightenment {unknown}


   Skills:
 - Level 2.6 Fighting
 + Level 3.0 Maces & Flails
 + Level 3.6 Armour
 - Level 2.6 Shields


You had 2 spell levels left.
You didn't know any spells.
Your spell library contained the following spells:

 Spells                   Type           Power      Damage    Failure   Level
 Summon Small Mammal      Summ           0%         N/A       77%         1
 Blink                    Tloc           0%         N/A       88%         2
 Lesser Beckoning         Tloc           0%         N/A       88%         2
 Momentum Strike          Conj/Tloc      0%         3d8       88%         2
 Call Canine Familiar     Summ           0%         N/A       98%         3
 Inner Flame              Hex/Fire       0%         N/A       98%         3
 Summon Guardian Golem    Hex/Summ       0%         N/A       98%         3
 Flame Wave               Conj/Fire      0%         2d4       100%        4
 Sticky Flame             Conj/Fire      0%         2d3       100%        4


Dungeon Overview and Level Annotations

Branches:
Dungeon (2/15)

Annotations:
D:2 Crazy Yiuf


Innate Abilities, Weirdness & Mutations

You have an increased reservoir of magic. (+10% MP)
You shall have no god before yourself.
Your divine heritage dramatically boosts your attributes as you level up.


Message History

The kobold is severely wounded.
You block the kobold's attack.
You barely miss the kobold.
The kobold is severely wounded.
The kobold hits you with a +0 short sword.
You barely miss the kobold.
The kobold is severely wounded.
The kobold barely misses you.
You sock the kobold!
You kill the kobold!
Your Maces & Flails skill increases to level 3!
No target in view!
No target in view!
No target in view!
No target in view!
No target in view!
No target in view!
No target in view!
No target in view!
No target in view!
No target in view!
You see here a +0 short sword.
f - 3 scrolls labelled KIGEGY SU YNI (gained 1) Crazy Yiuf shouts!
Crazy Yiuf says, "Millenium!
Citrus illywillydillykilly childish."
No reachable target in view!
You open the door.
You feel very mighty all of a sudden.
Crazy Yiuf says, "Island!
Paint tired tea."
Crazy Yiuf hits you with a +3 quarterstaff of chaos!
You closely miss Crazy Yiuf. Crazy Yiuf closely misses you.
You hit Crazy Yiuf but do no damage.
Crazy Yiuf cries, "Nubble chair green!"
Crazy Yiuf hits you with a +3 quarterstaff of chaos!
You are lethally poisoned!
You closely miss Crazy Yiuf.
* * * LOW HITPOINT WARNING * * *
You feel very sick.
Crazy Yiuf hits you with a +3 quarterstaff of chaos!
You die...

.............#....#######........
.............'............#......
...........###...#############.).
###......### ##### #.......#
#......# #.....#.# ###'####
#####.#.# #.# ### ###### #.#.#
#.# #)..### ##.#..###.#.# #.#
#...g@####.........#.# #.#
#...##..#......##..#.# #.# ###
###.#..#.####.... #.#
#############.# #.# #........ #.#
########### #######.# #.#
#.........# #.# #.###########.#
#.# #.............# #..


You could see Crazy Yiuf.

Vanquished Creatures
  2 adders (D:2)
  A worm (D:2)
  A dart slug (D:1)
  4 ball pythons
  3 endoplasms (D:2)
  A giant cockroach (D:1)
  2 goblins
  3 hobgoblins
  5 jackals
  A quokka (D:1)
  4 bats
  3 kobolds
  4 rats
34 creatures vanquished.

Notes
Turn   | Place    | Note
-------+----------+-------------------------------------------
     0 | D:1      | edwardauron the Demigod Fighter began the quest for the
                  | Orb.
     0 | D:1      | Reached XP level 1. HP: 18/18 MP: 3/3
   217 | D:1      | Reached XP level 2. HP: 23/25 MP: 4/4
   804 | D:2      | Found a runed translucent door.
   805 | D:2      | Noticed Crazy Yiuf
  1127 | D:2      | Reached XP level 3. HP: 22/30 MP: 5/5
  1891 | D:2      | Slain by Crazy Yiuf

Illustrated notes

Levels and vault maps discovered:
D:1:      eino_arrival_water_star, layout_loops_ring
D:2:      minmay_door_path, layout_basic, dk_noncrumbling_4,
          uniq_crazy_yiuf_cottage

Skill      XL: |  1  2  3 |
---------------+----------+-----
Maces & Flails | 2 3 |  3.0
Armour         | 3 |  3.6
Fighting       | |  2.6
Shields        | |  2.6

Action                     || total
---------------------------++-------
  Melee: Flail             ||   125
    Use: Potion            ||     1
 Armour: Scale mail        ||    65
  Dodge: Dodged            ||    50
  Block: Buckler           ||    38

Table legend: (Time is in decaauts)
 A = Elapsed time spent in this place.
 B = Non-inter-level travel time spent in this place.
 C = Inter-level travel time spent in this place.
 D = Time resting spent in this place.
 E = Time spent auto-exploring this place.
 F = Levels seen in this place.
 G = Mean time per level.
                   A        B        C        D        E       F      G
               +--------+--------+--------+--------+--------+-----+--------+
         Total |   1931 |   1885 |     46 |     58 |   1557 |   2 |  965.5 |
       Dungeon |   1931 |   1885 |     46 |     58 |   1557 |   2 |  965.5 |
               +--------+--------+--------+--------+--------+-----+--------+

Top non-repeatable levels by time:
     D:2: 1143 daAuts
     D:1: 787 daAuts
